 Dungeon Crawl Stone Soup version 0.21.0 (console) character file.

2079 Garrluk the Skirmisher (level 9, -1/75 HPs)
             Began as a Grey Draconian Transmuter on Jan 7, 2018.
             Was a Follower of Cheibriados.
             Shot with an arrow by a centaur warrior (4 damage)
             ... on level 9 of the Dungeon.
             The game lasted 00:21:14 (3860 turns).

Garrluk the Skirmisher (Grey Draconian Transmuter)  Turns: 3860, Time: 00:21:14

Health: -1/75      AC: 12    Str: 16    XL:     9   Next: 6%
Magic:  15/17      EV: 18    Int: 19    God:    Cheibriados [*.....]
Gold:   204        SH:  0    Dex: 15    Spells: 13/19 levels left

rFire    . . .     SeeInvis .     - Unarmed
rCold    . . .     Gourm    .   (no shield)
rNeg     . . .     Faith    .   (armour unavailable)
rPois    +         Spirit   .   (helmet restricted)
rElec    .         Reflect  .   v - scarf {repulsion}
rCorr    .         Harm     .   (no gloves)
MR       .....                  (no boots)
Stlth    +.........             (no amulet)
HPRegen  0.22/turn              m - +3 ring of evasion
MPRegen  0.15/turn              u - ring of poison resistance

@: repel missiles, very slow
A: walk through water, unfitting armour, unbreathing, cold-blooded, AC +12
a: Bend Time, Renounce Religion


You were on level 9 of the Dungeon.
You worshipped Cheibriados.
Cheibriados was aware of your devotion.
You were not hungry.

You visited 2 branches of the dungeon, and saw 10 of its levels.

You collected 204 gold pieces.

Inventory:

Missiles
 a - 67 arrows
Armour
 v - a scarf of repulsion (worn)
Jewellery
 d - an uncursed ring of ice
 m - a +3 ring of evasion (left hand)
 u - a ring of poison resistance (right hand)
Wands
 n - a wand of random effects (17)
 q - a wand of flame (35)
 r - a wand of polymorph (14)
 y - a wand of digging (3)
Scrolls
 f - 6 scrolls of identify {unknown}
 g - 2 scrolls of remove curse
Potions
 k - a potion of cancellation {unknown}
 o - a potion of haste
 s - a potion of magic {unknown}
 t - a potion of resistance {unknown}
Books
 b - a book of Changes

   Spells                             Type                      Level
   a - Beastly Appendage              Transmutation                1
   b - Sticks to Snakes               Transmutation                2
   c - Spider Form                    Transmutation/Poison         3
   d - Ice Form                       Ice/Transmutation            4
   e - Blade Hands                    Transmutation                5
 j - Sif Muna's Papyrus of Creative Displacement
   (You found it on level 9 of the Dungeon)

   Spells                             Type                      Level
   a - Summon Butterflies             Summoning                    1
   b - Gell's Gravitas                Translocation                3
   c - Lesser Beckoning               Translocation                3
   d - Summon Demon                   Summoning                    5
   e - Controlled Blink               Translocation                8
Comestibles
 c - 7 rations


   Skills:
 * Level 6.2 Fighting
 * Level 5.4 Dodging
 + Level 4.8 Unarmed Combat
 * Level 5.5 Spellcasting
 * Level 5.8 Transmutations


You had 13 spell levels left.
You knew the following spells:

 Your Spells              Type           Power        Failure   Level  Hunger
a - Beastly Appendage     Tmut           ####..       1%          1    None
b - Sticks to Snakes      Tmut           ####....     1%          2    None
c - Spider Form           Tmut/Pois      ###.......   11%         3    ##.....


Dungeon Overview and Level Annotations

Branches:
Dungeon (10/15)            Temple (1/1) D:5
   Lair: D:8-11         Orc: D:9-12

Altars:
Ashenzari
Cheibriados
Dithmenos
Elyvilon
Fedhas
Gozag
Kikubaaqudgha
Makhleb
Nemelex Xobeh
Okawaru
Qazlal
Sif Muna
Trog
Uskayaw
Vehumet
Xom
Yredelemnul
Zin
The Shining One

Shops:
D:4 %   D:7 =


Innate Abilities, Weirdness & Mutations

You can walk through water.
Your dull iron-grey scales are very hard. (AC +12)
You cannot fit into any form of body armour.
You can survive without breathing.
You are cold-blooded and may be slowed by cold attacks.


Message History

You open the lid... ...and a larval shockox beast leaps out!
The now-empty box falls apart.
The worker ant bites you but does no damage. x2
The centaur warrior shoots an arrow.
The arrow is repelled.
As you read the scroll of fog, it crumbles to dust.
The scroll dissolves into smoke.
The centaur warrior shoots an arrow.
The arrow hits you.
* * * LOW HITPOINT WARNING * * *
Your larval shockox beast hits the worker ant.
Your larval shockox beast barely misses the worker ant.
The worker ant bites your larval shockox beast.
Your larval shockox beast bursts into living lightning!
The living lightning hits the worker ant.
The worker ant dies!
Cheibriados appreciates the change of pace.
Your larval shockox beast blinks!
Casting: Spider Form
Confirm with . or Enter, or press ? or * to list all spells.
You create a snake!
You now have 67 arrows.
The centaur warrior shoots an arrow.
The arrow hits you.
You die...

##.## ##......##.##..........
##.#########...h##...##.......§.
##.##
#.........##..#..##........ #.##
#.##..##.##..###..##....... ###
#.###.#.##..##.##..##a.....
#.##..(##..##[.(##..##T....
#.##....##..##...##..##....
#.##.##..##..#'#..##..##...
#.###.##§§##...##..##...#.. #.#
#..##S§##...##...#.#... #.#
#.#.##@§##)##(..#.#..., #.#
#....##§c###...#......, #.#
#.#...##H§#(..#......., #.#
#.####.##.a..#....$..., #.# #.#
##.##..#.##.....<< #.# #.#
##.#.#.##*######* #.# #.#
##.#.## #.# #.# ##.## #.###.#
### #.##..# #.##.##


You could see a centaur warrior, a friendly larval shockox beast and a friendly
ball python.

Vanquished Creatures
  2 hippogriffs
  Eustachio (D:4)
  Duvessa (D:7)
  A sky beast (D:5)
  An ice beast (D:6)
  A black bear (D:7)
  A phantom (D:4)
  A wolf (D:10)
  A centaur (D:5)
  A crocodile (D:9)
  2 bullfrogs (D:6)
  A wyvern skeleton (D:9)
  A scorpion (D:5)
  Dowan (D:7)
  2 howler monkeys
  An electric eel (D:10)
  3 hounds
  2 jellies (D:7)
  4 bullfrog skeletons
  An orc priest (D:9)
  2 iguanas
  A worker ant (D:7)
  A hound skeleton (D:5)
  A worker ant zombie (D:7)
  3 adders
  A shadow imp (D:7)
  An adder skeleton (D:6)
  A worm (D:2)
  2 dart slugs
  2 leopard geckos
  12 orcs
  4 bats
  5 giant cockroaches
  A goblin (D:2)
  2 hobgoblins (D:1)
  4 jackals
  5 kobolds
  3 frilled lizards
  A jackal zombie (D:5)
  3 rats
84 creatures vanquished.

Vanquished Creatures (collateral kills)
  2 crimson imps (D:5)
  A worker ant (D:9)
  An adder (D:4)
  A worm (D:4)
  An orc (D:4)
6 creatures vanquished.

Vanquished Creatures (others)
  2 plants (D:9)
2 creatures vanquished.

Grand Total: 92 creatures vanquished

Notes
Turn   | Place    | Note
-------+----------+-------------------------------------------
     0 | D:1      | Garrluk the Draconian Transmuter began the quest for the Orb.
     0 | D:1      | Reached XP level 1. HP: 16/16 MP: 3/3
   291 | D:1      | Reached XP level 2. HP: 19/23 MP: 3/5
   344 | D:1      | Learned a level 2 spell: Sticks to Snakes
   484 | D:2      | Reached XP level 3. HP: 19/29 MP: 0/6
   696 | D:4      | Reached skill level 2 in Fighting
   726 | D:3      | Learned a level 3 spell: Spider Form
   812 | D:4      | Reached XP level 4. HP: 23/36 MP: 4/7
   876 | D:4      | Found Peeduf's Food Shop.
   947 | D:4      | Noticed a phantom
  1272 | D:4      | Killed a phantom
  1272 | D:4      | Reached XP level 5. HP: 18/44 MP: 2/9
  1375 | D:4      | Noticed Eustachio
  1409 | D:4      | Killed Eustachio
  1409 | D:4      | Reached skill level 3 in Fighting
  1409 | D:4      | Reached XP level 6. HP: 19/51 MP: 5/10
  1668 | D:5      | Entered Level 5 of the Dungeon
  1668 | D:5      | Noticed a sky beast
  1802 | D:5      | Killed a sky beast
  1802 | D:5      | Reached skill level 4 in Fighting
  1802 | D:5      | Your scales start taking on a dull iron-grey colour.
  1802 | D:5      | Reached XP level 7. HP: 17/59 MP: 6/12
  1802 | D:5      | Gained mutation: You can survive without breathing. [Grey Draconian growth]
  2066 | D:5      | Found a staircase to the Ecumenical Temple.
  2079 | Temple   | Entered the Ecumenical Temple
  2168 | Temple   | Became a worshipper of Cheibriados the Contemplative
  2380 | D:6      | Found a bloodstained altar of Trog.
  2391 | D:6      | Found an opulent altar of Gozag.
  2671 | D:7      | Noticed a hippogriff
  2690 | D:7      | Killed a hippogriff
  2690 | D:7      | Reached skill level 5 in Fighting
  2690 | D:7      | Reached XP level 8. HP: 15/68 MP: 12/14
  2899 | D:7      | Reached * piety under Cheibriados
  2899 | D:7      | Reached skill level 5 in Transmutations
  3123 | D:7      | Found Veyvvoug's Jewellery Shop.
  3141 | D:7      | Noticed Dowan
  3148 | D:7      | Noticed Duvessa
  3149 | D:7      | Killed Dowan
  3171 | D:7      | Killed Duvessa
  3171 | D:7      | Reached skill level 5 in Spellcasting
  3311 | D:7      | You fall through a shaft for 3 floors!
  3311 | D:10     | Entered Level 10 of the Dungeon
  3313 | D:10     | Reached skill level 5 in Dodging
  3440 | D:9      | HP: 1/70 [orc priest/divine providence (12)]
  3450 | D:9      | Reached skill level 6 in Fighting
  3723 | D:9      | Noticed a hippogriff
  3813 | D:9      | Killed a hippogriff
  3813 | D:9      | Reached XP level 9. HP: 45/75 MP: 14/17
  3818 | D:9      | Identified Sif Muna's Papyrus of Creative Displacement
  3819 | D:9      | Noticed a centaur warrior
  3822 | D:9      | Noticed a troll
  3858 | D:9      | HP: 3/75 [centaur warrior/arrow (4)]
  3860 | D:9      | Shot with an arrow by a centaur warrior

Skill      XL: |  1  2  3  4  5  6  7  8 |
---------------+-------------------------+-----
Dodging        | 2 3 4 5 |  5.4
Fighting       | 2 3 4 5 6 |  6.2
Transmutations | 3 4 5 |  5.8
Spellcasting   | 3 4 5 |  5.5
Unarmed Combat | 4 |  4.8

Action                   |  1- 3 |  4- 6 |  7- 9 || total
-------------------------+-------+-------+-------++-------
Melee: Unarmed           |   111 |   144 |   198 ||   453
       Tailslap          |    11 |     9 |    14 ||    34
       Kick              |     8 |       |       ||     8
       Headbutt          |     5 |       |       ||     5
       Punch             |       |     1 |     2 ||     3
 Cast: Beastly Appendage |    14 |     4 |       ||    18
       Sticks to Snakes  |     3 |    12 |    14 ||    29
       Spider Form       |     1 |     5 |    13 ||    19
Evoke: Wand              |       |     2 |     9 ||    11
       Box of beasts     |       |       |     1 ||     1
  Use: Scroll            |       |       |     9 ||     9
       Potion            |       |       |     4 ||     4
 Stab: Distracted        |     1 |     1 |       ||     2
       Sleeping          |     1 |       |       ||     1
  Eat: Chunk             |       |     2 |     7 ||     9
       Ration            |       |     1 |       ||     1
Armor: Skin              |    26 |    17 |    30 ||    73
Dodge: Dodged            |    68 |   115 |   217 ||   400
       Deflected         |       |       |     1 ||     1
